 Dungeon Crawl Stone Soup version 0.29.1-15-g9cfb28693d (webtiles) character file.

Game seed: 12300814758143759423

145 vishdafish the Conjurer (level 5, 18/35 HPs)
             Began as a Demonspawn Conjurer on Mar 29, 2023.
             Quit the game on level 4 of the Dungeon.
             The game lasted 00:11:12 (3541 turns).

vishdafish the Conjurer (Demonspawn Conjurer)       Turns: 3541, Time: 00:11:12

Health: 18/35      AC:  4    Str: 13    XL:     5   Next: 6%
Magic:  3/10       EV: 12    Int: 21    God:
Gold:   135        SH:  0    Dex: 12    Spells: 2/11 levels left

rFire   . . .      SeeInvis .   (no weapon)
rCold   . . .      Faith    .   (no shield)
rNeg    . . .      Spirit   .   a - +0 robe
rPois   .          Reflect  .   (no helmet)
rElec   .          Harm     .   (no cloak)
rCorr   .          Rampage  .   (no gloves)
Will    .....                   (no boots)
Stlth   ++........              (no amulet)
HPRegen 0.11/turn               k - +6 ring of strength
MPRegen 0.12/turn               (no ring)

@: no status effects
A: hooves 1, slimy green scales 1
a: no special abilities


You were on level 4 of the Dungeon.
You visited 1 branch of the dungeon, and saw 4 of its levels.

You collected 135 gold pieces.

Inventory:

Hand Weapons
 f - a +0 dagger
Armour
 a - a +0 robe (worn)
 d - a +0 helmet
Jewellery
 k - a +6 ring of strength (left hand)
Wands
 o - a wand of flame (21)
Scrolls
 b - a scroll of noise {unknown}
 c - a scroll of silence {unknown}
 g - a scroll of teleportation
 i - a scroll of brand weapon {unknown}
 l - a scroll of poison {unknown}
 n - 2 scrolls of identify {unknown}
Potions
 e - 2 potions of ambrosia {unknown}
 h - a potion of haste {unknown}
 j - a potion of might {unknown}
 m - a potion of flight {unknown}
 p - a potion of heal wounds {unknown}
 q - a potion of brilliance {unknown}


   Skills:
 - Level 2.0 Dodging
 - Level 2.0 Stealth
 + Level 3.6 Spellcasting
 + Level 5.2 Conjurations


You had 2 spell levels left.
You knew the following spells:

 Your Spells              Type           Power      Damage    Failure   Level
a - Magic Dart            Conj           100%       1d8       1%          1
b - Fulminant Prism       Conj/Hex       7%         3d7       38%         4
c - Iskenderun's Mystic   Conj/Tloc      14%        2d5       38%         4

Your spell library contained the following spells:

 Spells                   Type           Power      Damage    Failure   Level
 Searing Ray              Conj           50%        2d6       2%          2
 Call Imp                 Summ           3%         N/A       19%         2
 Dazzling Flash           Conj/Hex       28%        N/A       13%         3
 Mephitic Cloud           Conj/Pois/Air  11%        N/A       19%         3
 Animate Dead             Necr           3%         N/A       77%         4
 Haunt                    Necr/Summ      1%         N/A       100%        7
 Infestation              Necr           1%         N/A       100%        8


Dungeon Overview and Level Annotations

Branches:
Dungeon (4/15)
 Temple: D:4-7

Altars:
Dithmenos
Makhleb

Annotations:
D:4 Blork the orc, Dowan, Duvessa


Innate Abilities, Weirdness & Mutations

You have large cloven feet.
You are partially covered in slimy green scales. (AC +2)


Message History

Found 2 ruby potions and 5 stones.
You feel sick.
You feel sick.
You are no longer poisoned.
Hit: f) +0 dagger
Press: ? - help, Dir - move target, f - you
Okay, then.
Found a ring mail.
Found a lumpy white potion.
Found a stone staircase leading up.
Duvessa and Dowan come into view.
Dowan is wielding a +0 dagger and wearing a +1 robe of positive energy.
Found 15 gold pieces.
Really walk into that teleport trap?
You enter a teleport trap!
The teleport trap disappears.
Your surroundings suddenly seem different.
The adder hisses angrily.
The magic dart hits the adder.
The adder is moderately wounded.
The adder misses you.
The magic dart hits the adder.
The adder is severely wounded.
The adder bites you.
You are too injured to fight recklessly!
You are too injured to fight recklessly!
Aiming: Magic Dart (safe; 1% risk of failure)
Press: ? - help, Q - select action, (/) - cycle Shift-Dir - straight line, f/p - adder
Aim: an adder (severely wounded, 100% to hit)
The magic dart hits the adder!
You kill the adder!
You have reached level 5!
There's nothing to close nearby.
Your movement speed is average.
Your attack delay is about 1.0.
Your base attributes are Str 7, Int 21, Dex 12.
You are now empty-handed.
You are already empty-handed.
Your movement speed is average.
Your attack delay is about 1.0.
Your base attributes are Str 7, Int 21, Dex 12.
Are you sure you want to abandon this character and quit the game? (Confirm with "yes".)

#.####.# #..........
#......####..#..#####
#..##..##.#..#..# #
#.........#..######
#..###.#.##........
#..###.#.##...#####
#.............#
##.###.#.##.#.# #.#
#.#@##..... #.
#.#.####.### #. #.#..
.# #### #


There were no monsters in sight!

Vanquished Creatures
  An orc priest (D:3)
  5 adders
  3 dart slugs
  7 orcs (D:3)
  6 endoplasms
  3 giant cockroaches
  7 goblins
  7 hobgoblins
  A jackal (D:1)
  3 ball pythons
  2 bats (D:2)
  3 frilled lizards
  3 kobolds
  4 rats
  A fulminant prism (D:3)
56 creatures vanquished.

Vanquished Creatures (others)
  3 fulminant prisms
3 creatures vanquished.

Grand Total: 59 creatures vanquished

Notes
Turn   | Place    | Note
-------+----------+-------------------------------------------
     0 | D:1      | vishdafish the Demonspawn Conjurer began the quest for the
                  | Orb.
     0 | D:1      | Reached XP level 1. HP: 13/13 MP: 3/3
   306 | D:1      | Gained mutation: You are partially covered in slimy green
                  | scales. (AC +2) [demonic ancestry]
   306 | D:1      | Reached XP level 2. HP: 19/19 MP: 0/5
  1171 | D:2      | Gained mutation: You have large cloven feet. [demonic
                  | ancestry]
  1171 | D:2      | Reached XP level 3. HP: 10/24 MP: 4/6
  1944 | D:2      | Found a faded altar of an unknown god.
  2226 | D:3      | Reached XP level 4. HP: 28/30 MP: 0/8
  2327 | D:3      | Found a burning altar of Makhleb.
  2887 | D:3      | Found a shadowy altar of Dithmenos.
  2940 | D:3      | Reached skill level 5 in Conjurations
  2979 | D:2      | Learned a level 4 spell: Fulminant Prism
  2984 | D:2      | Learned a level 4 spell: Iskenderun's Mystic Blast
  3492 | D:4      | Noticed Blork the orc
  3518 | D:4      | Noticed Duvessa
  3518 | D:4      | Noticed Dowan
  3540 | D:4      | Reached XP level 5. HP: 18/35 MP: 3/10
  3541 | D:4      | Quit the game

Illustrated notes

Levels and vault maps discovered:
D:1:      mrwooster_arrival_statue_3, layout_loops_cross, minmay_quantized
D:2:      layout_loops_ring, shapermc_ecumenical_altar_venn
D:3:      layout_basic, overflow_temple_1_default,
          nicolae_dithmenos_through_a_glass_darkly, dk_noncrumbling_4
D:4:      layout_basic, enter_ossuary_4, uniq_duvessa, uniq_ijyb,
          uniq_blork_the_orc

Skill      XL: |  1  2  3  4 |
---------------+-------------+-----
Stealth        | 2 |  2.0
Dodging        | 2 |  2.0
Spellcasting   | 3 |  3.6
Conjurations   | 5 |  5.2

Action                   |  1- 3 |  4- 6 || total
-------------------------+-------+-------++-------
Melee: Dagger            |     8 |     2 ||    10
 Cast: Magic Dart        |    79 |    39 ||   118
       Fulminant Prism   |       |     4 ||     4
Evoke: Wand              |       |     3 ||     3
  Use: Potion            |     1 |       ||     1
       Scroll            |       |     1 ||     1
Armor: Robe              |     2 |     3 ||     5
Dodge: Dodged            |    15 |     4 ||    19
